 Dungeon Crawl Stone Soup version 0.20.1-1-g8b1a95d (webtiles) character file.

392 Glalom the Conjurer (level 6, -3/32 HPs)
             Began as a Deep Elf Conjurer on Nov 4, 2017.
             Slain by a spatial vortex (23 damage)
             ... summoned by miscasting Force Lance
             ... on level 4 of the Dungeon.
             The game lasted 00:09:12 (3538 turns).

Glalom the Conjurer (Deep Elf Conjurer)             Turns: 3538, Time: 00:09:13

Health: -3/32      AC:  6    Str:  7    XL:     6   Next: 50%
Magic:  0/14       EV: 13    Int: 20    God:
Gold:   166        SH:  0    Dex: 15    Spells: 2/13 levels left

rFire    . . .     SeeInvis .   e - +0 dagger (elec)
rCold    . . .     Gourm    .   (no shield)
rNeg     . . .     Faith    .   a - +0 robe
rPois    .         Spirit   .   f - +1 helmet
rElec    .         Reflect  .   m - +1 cloak
rCorr    .         Harm     .   (no gloves)
MR       .....                  (no boots)
Stlth    +++.......             (no amulet)
Regen    0.1/turn               (no ring)
MPRegen  0.2/turn               (no ring)

@: very slightly contaminated
A: no striking features
a: no special abilities


You were on level 4 of the Dungeon.
You were hungry.

You visited 1 branch of the dungeon, and saw 4 of its levels.

You collected 166 gold pieces.

Inventory:

Hand Weapons
 e - a +0 dagger of electrocution (weapon)
Armour
 a - a +0 robe (worn)
 f - a +1 helmet (worn)
 m - a +1 cloak (worn)
Wands
 t - a wand of scattershot (2/9)
Scrolls
 d - 9 scrolls of identify {unknown}
 g - 3 scrolls of blinking {unknown}
 h - 5 scrolls of remove curse {unknown}
 k - 3 scrolls of enchant armour {unknown}
 q - a scroll of teleportation {unknown}
 s - a scroll of recharging {unknown}
 u - a scroll of fear {unknown}
Potions
 j - a potion of mutation {unknown}
 n - a potion of curing {unknown}
 o - 2 potions of heal wounds {unknown}
 p - 2 potions of brilliance {unknown}
Books
 b - a book of Conjurations

   Spells                             Type                      Level
   a - Magic Dart                     Conjuration                  1
   b - Searing Ray                    Conjuration                  2
   c - Dazzling Spray                 Conjuration/Hexes            3
   d - Fulminant Prism                Conjuration/Hexes            4
   e - Force Lance                    Conjuration/Translocation    4
   f - Iskenderun's Mystic Blast      Conjuration                  4
Comestibles
 c - 2 bread rations
 i - 2 meat rations
 l - 8 fruits


   Skills:
 + Level 3.3 Dodging
 - Level 4.3 Stealth
 - Level 4.4 Spellcasting
 + Level 6.6 Conjurations
 + Level 2.2 Hexes
 + Level 1.6 Translocations


You had 2 spell levels left.
You knew the following spells:

 Your Spells              Type           Power        Failure   Level  Hunger
a - Magic Dart            Conj           ####         1%          1    None
b - Searing Ray           Conj           ####..       1%          2    #......
c - Force Lance           Conj/Tloc      ###.....     22%         4    ####...
d - Fulminant Prism       Conj/Hex       ###.......   21%         4    ####...


Dungeon Overview and Level Annotations

Branches:
Dungeon (4/15)
 Temple: D:4-7

Altars:
Hepliaklqana

Annotations:
D:4 Purgy


Message History

There is a stone staircase leading down here.
Casting: Magic Dart
Confirm with . or Enter, or press ? or * to list all spells.
Aiming: Force Lance
Press: ? - help, Shift-Dir - straight line, f/p - Purgy
Aim: Purgy The lance of force misses Purgy.
Purgy misses you. Purgy claws you but does no damage. Purgy closely misses you.
Casting: Force Lance
Confirm with . or Enter, or press ? or * to list all spells.
Aiming: Force Lance
Press: ? - help, Shift-Dir - straight line, f/p - Purgy
Aim: Purgy You miscast Force Lance.
You are very lightly contaminated with residual magic. 2 spatial vortices come into view.
Purgy closely misses you. Purgy barely misses you. x2
The spatial vortex hits you!!
Ouch! That really hurt!
You die...

#.# #.# #.# #.# ###.#
#.# #..<###.##
########.#.##.#.#######
#...>......).###.......
#.######.####)#.#######
#######.######.#
##.........
.........vT.@v.#
##########
#######.######## #.#
#.# #.# #.# #..# ....#
.......


You could see 2 spatial vortices and Purgy.

Vanquished Creatures
  An ogre (D:3)
  A centaur skeleton (D:4)
  Ijyb (D:3)
  4 orc wizards
  3 gnolls (D:3)
  2 adders
  An ooze (D:1)
  4 worms
  4 leopard geckos
  9 orcs
  6 bats
  3 giant cockroaches
  8 hobgoblins
  5 frilled lizards
  7 goblins
  7 kobolds
  6 rats
72 creatures vanquished.

Vanquished Creatures (others)
  A fulminant prism (D:3)
1 creature vanquished.

Grand Total: 73 creatures vanquished

Notes
Turn   | Place    | Note
-------+----------+-------------------------------------------
     0 | D:1      | Glalom the Deep Elf Conjurer began the quest for the Orb.
     0 | D:1      | Reached XP level 1. HP: 10/10 MP: 6/6
   150 | D:1      | Reached XP level 2. HP: 15/15 MP: 2/8
   253 | D:1      | Learned a level 2 spell: Searing Ray
   889 | D:2      | Reached XP level 3. HP: 17/19 MP: 5/9
  1143 | D:2      | Reached skill level 5 in Conjurations
  2031 | D:3      | Found a hazy altar of Hepliaklqana.
  2156 | D:3      | Reached XP level 4. HP: 24/24 MP: 6/11
  2520 | D:3      | Noticed an ogre
  2531 | D:3      | Killed an ogre
  2531 | D:3      | Reached skill level 6 in Conjurations
  2531 | D:3      | Reached XP level 5. HP: 28/28 MP: 5/13
  2538 | D:3      | Learned a level 4 spell: Force Lance
  2543 | D:3      | Learned a level 4 spell: Fulminant Prism
  2796 | D:3      | Noticed Ijyb
  2819 | D:3      | Killed Ijyb
  2819 | D:3      | Reached skill level 1 in Hexes
  2860 | D:3      | Reached skill level 1 in Translocations
  2860 | D:3      | Reached XP level 6. HP: 20/32 MP: 2/14
  3412 | D:4      | Noticed Purgy
  3537 | D:4      | Noticed a spatial vortex
  3537 | D:4      | Noticed a spatial vortex
  3538 | D:4      | Slain by a spatial vortex

Skill      XL: |  1  2  3  4  5  6 |
---------------+-------------------+-----
Stealth        | 3 4 |  4.3
Conjurations   | 5 6 |  6.6
Spellcasting   | 4 |  4.4
Hexes          | 1 2 |  2.2
Translocations | 1 |  1.6
Dodging        | 3 |  3.3

Action                   |  1- 3 |  4- 6 || total
-------------------------+-------+-------++-------
Melee: Dagger            |     1 |    62 ||    63
 Cast: Magic Dart        |    92 |    58 ||   150
       Searing Ray       |     2 |     5 ||     7
       Force Lance       |       |     9 ||     9
       Fulminant Prism   |       |     1 ||     1
  Eat: Chunk             |     4 |     5 ||     9
Armor: Robe              |     2 |    21 ||    23
Dodge: Dodged            |     4 |    52 ||    56
